 Dungeon Crawl Stone Soup version 0.29-a0-275-g389c0b56f3 (webtiles) character file.

Game seed: 289821346108604688

9191 dolemite99 the Severer (level 11, -16/83 (91) HPs)
             Began as a Hill Orc Fighter on Mar 10, 2022.
             Was a Priest of Makhleb.
             Demolished by a spectral orc warrior
             ... wielding a +0 battleaxe of electrocution
             ... summoned by Nergalle
              (18 damage)
             ... on level 11 of the Dungeon.
             The game lasted 00:14:15 (11364 turns).

dolemite99 the Severer (Hill Orc Fighter)          Turns: 11364, Time: 00:14:15

HP:   -16/83 (91)   AC: 20    Str: 24    XL:     11   Next: 42%
MP:   17/17         EV:  8    Int:  8    God:    Makhleb [***...]
Gold: 28            SH:  4    Dex: 10    Spells: 10/10 levels left

rFire   . . .      SeeInvis .   a - +2 broad axe (flame)
rCold   + . .      Faith    +   c - +0 buckler
rNeg    . . .      Spirit   .   C - +2 chain mail {rC+}
rPois   .          Reflect  .   S - +0 helmet
rElec   .          Harm     .   j - +0 cloak
rCorr   .          Rampage  .   (no gloves)
Will    +....                   (no boots)
Stlth   ..........              F - amulet of faith
HPRegen 0.23/turn               u - ring of willpower
MPRegen 0.15/turn               p - +4 ring of protection {=R}

@: drained
A: no striking features
a: Renounce Religion, Minor Destruction, Lesser Servant of Makhleb


You were on level 11 of the Dungeon.
You worshipped Makhleb.
Makhleb was most pleased with you.
You visited 1 branch of the dungeon, and saw 11 of its levels.

You collected 806 gold pieces.
You spent 778 gold pieces at shops.

Inventory:

Hand Weapons
 a - a +2 broad axe of flaming (weapon)
 b - a +2 demon whip of venom
 i - a +0 war axe
 P - the +10 dagger "Jaagguy" {spect, rC+ MP-9 Dex+4}
   (You found it on level 9 of the Dungeon)

   When its wielder attacks, the weapon's spirit leaps out and strikes again.
   The spirit shares a part of any damage it takes with its wielder.
   Dex:       It affects your dexterity (+4).
   rC:        It protects you from cold.
   MP:        It affects your magic capacity (-9).
Missiles
 q - 23 poisoned darts
 s - 2 javelins (quivered)
 x - a throwing net
Armour
 c - a +0 buckler (worn)
 j - a +0 cloak (worn)
 C - a +2 chain mail of cold resistance (worn)
 S - a +0 helmet (worn)
Magical Staves
 o - a staff of poison
Jewellery
 m - a ring of protection from fire
 p - a +4 ring of protection (right hand) {=R}
 u - a ring of willpower (left hand)
 F - an amulet of faith (around neck)
 J - a ring of resist corrosion
Wands
 d - a wand of digging (4)
 r - a wand of flame (12)
 N - a wand of charming (12)
Scrolls
 f - a scroll of teleportation
 h - 4 scrolls of magic mapping
 k - a scroll of summoning
 w - 3 scrolls of fear
 H - 4 scrolls of fog
Potions
 e - a potion of attraction
 g - 4 potions of heal wounds
 l - a potion of berserk rage
 n - a potion of invisibility
 v - 9 potions of curing
 z - a potion of brilliance
 B - a potion of ambrosia
 G - 2 potions of lignification
 K - a potion of might
 L - a potion of haste
 M - a potion of degeneration {unknown}
 O - 2 potions of mutation {unknown}
 Q - a potion of cancellation
 R - a potion of resistance


   Skills:
 - Level 6.4 Fighting
 * Level 17.1 Axes
 * Level 9.7 Armour
 - Level 3.2 Shields
 - Level 8.5 Invocations


You had 10 spell levels left.
You didn't know any spells.
Your spell library contained the following spells:

 Spells                   Type           Power      Damage    Failure   Level
 Sublimation of Blood     Necr           0%         N/A       99%         2
 Wereblood                Tmut           0%         N/A       99%         2
 Conjure Flame            Conj/Fire      0%         6-21      100%        3
 Frozen Ramparts          Ice            0%         1d2       100%        3
 Ignite Poison            Fire/Tmut/Pois 0%         N/A       100%        3
 Stone Arrow              Conj/Erth      0%         3d7       100%        3
 Animate Armour           Summ/Erth      0%         N/A       100%        4
 Ice Form                 Ice/Tmut       0%         N/A       100%        4
 Sticky Flame             Conj/Fire      0%         2d3       100%        4
 Summon Ice Beast         Ice/Summ       0%         N/A       100%        4
 Summon Forest            Summ/Tloc      0%         N/A       100%        5
 Eringya's Noxious Bog    Tmut/Pois      0%         N/A       100%        6
 Summon Hydra             Summ           0%         N/A       100%        7
 Lehudib's Crystal Spear  Conj/Erth      0%         10d2      100%        8


Dungeon Overview and Level Annotations

Branches:
Dungeon (11/15)            Temple (0/1) D:7             Orc (0/2) D:10
   Lair: D:8-11

Altars:
Ashenzari
Cheibriados
Dithmenos
Elyvilon
Gozag
Hepliaklqana
Kikubaaqudgha
Makhleb
Ru
Sif Muna
Trog
Zin
The Shining One

Shops:
D:1 [   D:8 :   D:10 [*(![

Annotations:
D:11 Fannar, Nergalle


Message History

Your hellwing hits something. Makhleb accepts your kill.
Reactivating autopickup.
You feel a bit more experienced.
Your orange demon stings the spectral orc warrior.
Your orange demon hits the spectral orc warrior.
Your orange demon barely misses the troll.
Your orange demon closely misses the troll.
Your neqoxec closely misses the ice beast.
Nergalle hits your orange demon with a +0 dagger.
The spectral orc warrior hits you but does no damage.
Fannar hits your neqoxec with a staff of cold!
Fannar freezes your neqoxec!
Your neqoxec dies!
Your neqoxec disappears in a puff of smoke!
Your orange demon stings the troll.
Your orange demon hits the troll.
The troll looks weaker.
The spectral orc knight hits your hellwing with a +0 great mace!!
Your hellwing barely misses the spectral orc knight.
Your hellwing hits the spectral orc knight.
The spectral orc warrior closely misses you.
You block the spectral orc warrior's attack.
Your hellwing swoops through the air toward the ice beast!
Your hellwing hits the ice beast!
Your hellwing barely misses the ice beast.
Your orange demon barely misses the spectral orc warrior.
Your orange demon hits the spectral orc warrior.
The spectral orc warrior is destroyed!
The spectral orc warrior disappears in a puff of smoke!
The ice beast misses your hellwing.
The spectral orc warrior barely misses your hellwing.
The spectral orc warrior hits your orange demon with a +0 war axe of venom!
Your orange demon looks as sick as possible!
Nergalle hits your orange demon with a +0 dagger.
The spectral orc warrior hits you with a +0 battleaxe of electrocution!
* * * LOW HITPOINT WARNING * * *
You feel drained.
* * * LOW HITPOINT WARNING * * *
You are electrocuted!!
You die...

≈≈≈≈ ≈≈≈
≈≈≈ ≈≈ ≈≈≈
.. .. .####
###.#....
...ZZ§#####
#ZZ44§e...
#@..TY...
#Z>.4.Y..
#.###o.4.
#.# ... #.#
. ... ...
...


You could see Fannar, Nergalle, 4 spectral orc warriors, a spectral orc knight
(summoned), a troll (weak, ally target), 2 ice beasts, 2 friendly orange demons
and 2 friendly hellwings.

Vanquished Creatures
  An unseen horror (D:10)
  Psyche (D:9)
  A troll (D:9)
  Prince Ribbit (D:5)
  8 yaks
  A steam dragon (D:7)
  2 sky beasts (D:7)
  3 ice beasts
  An ogre (D:5)
  An orc warrior (D:10)
  2 centaurs
  A phantom (D:6)
  2 bullfrogs
  2 kobold brigands (D:4)
  2 scorpions
  A necrophage (D:6)
  A howler monkey (D:6)
  3 jellies
  8 orc priests
  5 hounds
  2 iguanas
  9 orc wizards
  4 adders
  12 gnolls
  3 shadow imps
  A white imp (D:5)
  An ufetubus (D:4)
  2 dart slugs
  46 orcs
  4 endoplasms
  3 giant cockroaches
  4 goblins
  8 hobgoblins
  4 jackals (D:1)
  2 quokkas (D:4)
  2 ball pythons
  11 bats
  A frilled lizard (D:2)
  46 kobolds
  5 rats
217 creatures vanquished.

Vanquished Creatures (collateral kills)
  A boulder beetle (D:8)
  Erica (D:8)
  A two-headed ogre (D:10)
  Amaemon (D:8)
  Maggie (D:6)
  An orange demon (D:8)
  A hornet (D:9)
  Sigmund (D:6)
  A vampire (D:11)
  3 yaks (D:9)
  A black bear (D:6)
  An ice beast (D:8)
  A centaur (D:8)
  A gnoll sergeant (D:7)
  6 killer bees (D:9)
  A howler monkey (D:8)
  A jelly (D:6)
  An orc priest (D:8)
  An orc wizard (D:8)
  A gnoll (D:7)
  5 orcs
32 creatures vanquished.

Vanquished Creatures (others)
  2 plants (D:1)
2 creatures vanquished.

Grand Total: 251 creatures vanquished

Notes
Turn   | Place    | Note
-------+----------+-------------------------------------------
     0 | D:1      | dolemite99 the Hill Orc Fighter began the quest for the
                  | Orb.
     0 | D:1      | Reached XP level 1. HP: 19/19 MP: 1/1
   136 | D:1      | Reached skill level 3 in Axes
   240 | D:1      | Found Oneuh's Antique Armour Emporium.
   247 | D:1      | Reached XP level 2. HP: 16/26 MP: 2/2
   448 | D:1      | Reached skill level 4 in Axes
   554 | D:1      | Found a faded altar of an unknown god.
   561 | D:1      | Prayed at the altar of an unknown god.
   561 | D:1      | Became a worshipper of Makhleb the Destroyer
   561 | D:1      | Reached * piety under Makhleb
   772 | D:1      | Reached XP level 3. HP: 31/31 MP: 3/3
  1023 | D:2      | Reached skill level 5 in Axes
  1708 | D:2      | Reached XP level 4. HP: 39/39 MP: 4/4
  2698 | D:3      | Found a bloodstained altar of Trog.
  3194 | D:4      | Reached skill level 6 in Axes
  3274 | D:4      | Noticed a scorpion
  3277 | D:4      | Killed a scorpion
  3278 | D:4      | Reached skill level 7 in Axes
  3278 | D:4      | Reached XP level 5. HP: 45/45 MP: 5/5
  3325 | D:4      | Reached ** piety under Makhleb
  3695 | D:4      | Reached skill level 8 in Axes
  3695 | D:4      | Reached XP level 6. HP: 48/51 MP: 6/6
  4095 | D:4      | Found a snail-covered altar of Cheibriados.
  4097 | D:4      | Found a hazy altar of Hepliaklqana.
  4182 | D:4      | Found an ancient bone altar of Kikubaaqudgha.
  4520 | D:4      | Reached skill level 9 in Axes
  4613 | D:4      | Reached *** piety under Makhleb
  4731 | D:4      | Reached XP level 7. HP: 30/57 MP: 7/7
  4902 | D:4      | Reached skill level 10 in Axes
  5182 | D:5      | Entered Level 5 of the Dungeon
  5293 | D:5      | Noticed Prince Ribbit
  5313 | D:5      | Killed Prince Ribbit
  5314 | D:5      | Reached skill level 11 in Axes
  5647 | D:5      | Reached XP level 8. HP: 64/64 MP: 8/8
  5917 | D:5      | Reached skill level 12 in Axes
  5988 | D:5      | Reached skill level 1 in Invocations
  6152 | D:6      | Noticed Maggie
  6204 | D:5      | Reached skill level 5 in Invocations
  6607 | D:6      | Killed Maggie
  6825 | D:6      | Reached XP level 9. HP: 67/70 MP: 15/15
  6906 | D:6      | Noticed Sigmund
  6919 | D:6      | Killed Sigmund
  7045 | D:6      | Reached skill level 13 in Axes
  7459 | D:7      | Found a staircase to the Ecumenical Temple.
  7548 | D:7      | Found a glowing golden altar of the Shining One.
  7615 | D:7      | Found an opulent altar of Gozag.
  7629 | D:7      | Found a sacrificial altar of Ru.
  7630 | D:7      | Found a shadowy altar of Dithmenos.
  7631 | D:7      | Found a broken altar of Ashenzari.
  7685 | D:7      | Reached skill level 5 in Fighting
  7863 | D:7      | Found a glowing silver altar of Zin.
  8382 | D:7      | Identified a scroll of acquirement
  8382 | D:7      | Acquired a +2 broad axe of flaming
  8508 | D:8      | Found a white marble altar of Elyvilon.
  8640 | D:8      | Noticed an orange demon
  8648 | D:8      | Killed an orange demon
  8649 | D:8      | Reached skill level 14 in Axes
  8652 | D:8      | Noticed Amaemon
  8652 | D:8      | Noticed a boulder beetle
  8661 | D:8      | Killed Amaemon
  8662 | D:8      | Reached skill level 5 in Armour
  8662 | D:8      | Reached XP level 10. HP: 59/84 MP: 16/16
  8692 | D:8      | Killed a boulder beetle
  8693 | D:8      | Reached skill level 15 in Axes
  8699 | D:8      | Noticed Erica
  8707 | D:8      | Killed Erica
  8886 | D:8      | Found Nilounia's Book Emporium.
  9087 | D:9      | Noticed Psyche
  9092 | D:9      | Killed Psyche
  9205 | D:9      | Identified the +10 dagger "Jaagguy" {spect, rC+ MP-9 Dex+4}
  9494 | D:9      | Reached skill level 16 in Axes
  9504 | D:9      | Reached XP level 11. HP: 74/91 MP: 17/17
  9813 | D:10     | Entered Level 10 of the Dungeon
  9814 | D:10     | Found Beefued's Distillery.
  9820 | D:10     | Bought a potion of heal wounds for 75 gold pieces
  9820 | D:10     | Bought a potion of curing for 45 gold pieces
  9820 | D:10     | Bought a potion of lignification for 45 gold pieces
  9820 | D:10     | Bought a potion of cancellation for 120 gold pieces
  9820 | D:10     | Bought a potion of resistance for 150 gold pieces
  9858 | D:10     | Found Reolatsu's Weapon Shop.
  9919 | D:10     | Found Vuwoh's Armour Shop.
 10144 | D:10     | Noticed a two-headed ogre
 10706 | D:10     | Killed a two-headed ogre
 10921 | D:10     | Found a staircase to the Orcish Mines.
 11041 | D:10     | Found Qecun's General Store.
 11106 | D:10     | Bought a scroll of summoning for 133 gold pieces
 11106 | D:10     | Bought a potion of berserk rage for 70 gold pieces
 11106 | D:10     | Bought a potion of invisibility for 112 gold pieces
 11106 | D:10     | Bought a scroll of fog for 28 gold pieces
 11111 | D:10     | Found a shimmering blue altar of Sif Muna.
 11252 | D:10     | Reached skill level 17 in Axes
 11298 | D:10     | Found Sawourai's Armour Shoppe.
 11353 | D:11     | Noticed Fannar
 11356 | D:11     | Noticed Nergalle
 11364 | D:11     | HP: 3/86 [spectral orc warrior/+0 battleaxe of
                  | electrocution[Nergalle] (10)]
 11364 | D:11     | Demolished by a spectral orc warrior

Illustrated notes

Levels and vault maps discovered:
D:1:      dpeg_arrival_simpleton_c, layout_basic, serial_shops, shop,
          shapermc_ecumenical_altar_mp_ritualfount
D:2:      layout_loops_ring
D:3:      layout_basic, mainiacjoe_overflow_boulevard
D:4:      minmay_goblin_kobold_castle, layout_basic,
          gammafunk_temple_overflow_pools, mainiacjoe_overflow_six_doors_small
D:5:      layout_basic, minivault_14, uniq_prince_ribbit1
D:6:      layout_cave_pools, serial_park_tiny_pond, minmay_misc_feat_plants,
          kennysheep_decorative_pillar, uniq_maggie, uniq_sigmund
D:7:      layout_basic, general_overflow_altar, lemuel_doored_altar,
          mainiacjoe_overflow_alcove_2, grunt_temple_overflow_open,
          minmay_temple_entry_offerings
D:8:      layout_basic, elyvilon_altar_1, serial_shops,
          nicolae_shop_window_shopping, uniq_erica, uniq_amaemon
D:9:      layout_basic, uniq_psyche
D:10:     layout_irregular_city, nicolae_sif_muna_condensation,
          hiddenorc2_lemuel, serial_shops, shop, nicolae_shop_window_shopping,
          nicolae_shop_advertising_works [nicolae_subvault_shop_adworks],
          nicolae_square_shop, nicolae_shop_crystal
D:11:     layout_basic, lair_entry_dummy, yredelemnul_altar_generic,
          uniq_fannar, uniq_nergalle, uniq_snorg

Skill      XL: |  1  2  3  4  5  6  7  8  9 10 11 |
---------------+----------------------------------+-----
Axes           | 3 4 5 7 8 9 11 12 14 16 17 | 17.1
Invocations    | 8 |  8.5
Fighting       | 6 |  6.4
Armour         | 5 8 9 |  9.7
Shields        | |  3.2

Action                   |  1- 3 |  4- 6 |  7- 9 | 10-12 || total
-------------------------+-------+-------+-------+-------++-------
Melee: War axe           |    98 |   183 |    42 |       ||   323
       Hand axe          |       |       |   195 |       ||   195
       Broad axe         |       |       |       |   106 ||   106
Throw: Javelin           |       |    10 |    18 |    12 ||    40
       Dart              |       |     3 |       |     2 ||     5
Invok: Minor Destruction |       |       |     5 |       ||     5
       Lesser Servant of |       |       |    13 |    13 ||    26
Evoke: Wand              |       |       |     2 |     5 ||     7
  Use: Scroll            |       |     5 |    12 |     2 ||    19
       Potion            |       |     1 |     2 |       ||     3
 Stab: Distracted        |       |       |     3 |       ||     3
Armor: Scale mail        |    34 |       |       |       ||    34
       Chain mail        |    35 |   128 |    87 |    72 ||   322
Dodge: Dodged            |    49 |    51 |    51 |    37 ||   188
Block: Buckler           |    23 |    39 |    38 |    27 ||   127

Table legend: (Time is in decaauts)
 A = Elapsed time spent in this place.
 B = Non-inter-level travel time spent in this place.
 C = Inter-level travel time spent in this place.
 D = Time resting spent in this place.
 E = Time spent auto-exploring this place.
 F = Levels seen in this place.
 G = Mean time per level.
                   A        B        C        D        E       F      G
               +--------+--------+--------+--------+--------+-----+--------+
         Total |  11377 |  11094 |    283 |   2743 |   6159 |  11 | 1034.3 |
       Dungeon |  11377 |  11094 |    283 |   2743 |   6159 |  11 | 1034.3 |
               +--------+--------+--------+--------+--------+-----+--------+

Top non-repeatable levels by time:
     D:4: 2071 daAuts
     D:9: 1374 daAuts
     D:5: 1360 daAuts
     D:2: 1236 daAuts
     D:1: 1004 daAuts
    D:10: 999 daAuts
     D:3: 939 daAuts
     D:7: 919 daAuts
     D:6: 901 daAuts
     D:8: 558 daAuts
    D:11: 10 daAuts
